 Dungeon Crawl Stone Soup version 0.26-a0-1213-gd52f5182fe (webtiles) character file.

Game seed: 1955512560597205183

56 Anon1729 the Shooter (level 3, 0/20 HPs)
             Began as a Deep Elf Hunter on Dec 30, 2020.
             Slain by a hobgoblin (2 damage)
             ... on level 2 of the Dungeon.
             The game lasted 00:03:56 (2373 turns).

Anon1729 the Shooter (Deep Elf Hunter)              Turns: 2373, Time: 00:03:57

Health: 0/20       AC:  3    Str: 10    XL:     3   Next: 69%
Magic:  5/5        EV: 12    Int: 15    God:
Gold:   113        SH:  0    Dex: 15    Spells: 2/2 levels left

rFire    . . .     SeeInvis .   k - +2 mace (drain)
rCold    . . .     Faith    .   (no shield)
rNeg     . . .     Spirit   .   c - +0 leather armour
rPois    .         Reflect  .   (no helmet)
rElec    .         Harm     .   (no cloak)
rCorr    .         Rampage  .   (no gloves)
Will     .....                  (no boots)
Stlth    ++........             (no amulet)
HPRegen  0.06/turn              (no ring)
MPRegen  0.09/turn              (no ring)

@: no status effects
A: no striking features
a: no special abilities


You were on level 2 of the Dungeon.
You visited 1 branch of the dungeon, and saw 3 of its levels.

You collected 113 gold pieces.

Inventory:

Hand Weapons
 a - a +1 shortbow
 b - a +0 short sword
 k - a +2 mace of draining (weapon)
Missiles
 d - 57 arrows
Armour
 c - a +0 leather armour (worn)
Scrolls
 f - 2 scrolls of magic mapping {unknown}
 g - 3 scrolls of identify {unknown}
 h - a scroll of noise {unknown}
 i - a scroll of teleportation {unknown}
 j - a scroll of blinking {unknown}
 m - a scroll of enchant armour {unknown}
Potions
 e - 4 potions of curing {unknown}
 l - a potion of invisibility {unknown}


   Skills:
 - Level 1.5 Fighting
 + Level 7.2 Bows
 - Level 2.4 Dodging
 - Level 1.2 Stealth


You had 2 spell levels left.
You didn't know any spells.
Your spell library was empty.

Dungeon Overview and Level Annotations

Branches:
Dungeon (3/15)

Altars:
Kikubaaqudgha


Message History

Unknown command.
You hit the jackal.
You kill the jackal!
The jackal bites you but does no damage.
The jackal bites you.
The orc wizard hits you with a +0 dagger.
The hobgoblin hits you but does no damage.
The jackal closely misses you. x2
The orc wizard hits you with a +0 dagger.
The hobgoblin barely misses you. The jackal closely misses you.
The orc wizard hits you but does no damage.
You see here a jackal corpse.
The orc wizard casts a spell.
The orc wizard seems to speed up.
The orc wizard points at you and mumbles some strange words.
The puff of frost hits you.
* * * LOW HITPOINT WARNING * * *
There is a stone staircase leading up here.
The hobgoblin hits you.
You die...

#...#<# #.#.##..........#########
..⌠.#.###.#.##.##.####### #......
.≈.....##.#.##.##.# #.#####
≈≈...#............# #.#####
≈≈≈....##.###..#### #.##...
≈≈≈.............# #.##.##
≈≈...###.######.## #.##.##
[....###.# #...# #......
.........# #..@# #######.##
.#.##.#..# #.gh# #.......#
.#.##.#..# #†ho#######.#####.##
.#.......# #>..#.......#.......
.####.#.######...#.#####.#.....#.
.#.....................#.#...#.#.
.#.##.#..........................
##.##.#................#.....###.
#.##.#.######...#.#####....####.


You could see an orc wizard (fast), 2 jackals and a hobgoblin.

Vanquished Creatures
  A worm (D:2)
  A dart slug (D:2)
  3 leopard geckos (D:1)
  7 bats
  2 giant cockroaches
  8 goblins
  7 hobgoblins
  A jackal (D:2)
  A quokka (D:2)
  4 frilled lizards (D:1)
  7 kobolds
  A rat (D:1)
43 creatures vanquished.

Notes
Turn   | Place    | Note
-------+----------+-------------------------------------------
     0 | D:1      | Anon1729 the Deep Elf Hunter began the quest for the Orb.
     0 | D:1      | Reached XP level 1. HP: 12/12 MP: 3/3
   141 | D:1      | Reached XP level 2. HP: 16/16 MP: 4/4
   154 | D:1      | Reached skill level 6 in Bows
   330 | D:1      | Reached XP level 3. HP: 6/20 MP: 5/5
  1009 | D:2      | Found an ancient bone altar of Kikubaaqudgha.
  1297 | D:2      | Reached skill level 7 in Bows
  2373 | D:2      | Slain by a hobgoblin

Illustrated notes

Levels and vault maps discovered:
D:1:      erik_arrival_triangle_small, layout_loops_ring, minmay_heptomino_w4
D:2:      layout_loops_cross, kiku_gazebo_pond_becter
D:3:      layout_loops_cross, dancing_weapons_uskayaw, cheibriados_altar_1,
          fiery_altar_vehumet, lemuel_coloured_pillars_altar, uniq_sigmund

Skill      XL: |  1  2  3 |
---------------+----------+-----
Bows           | 6 7 |  7.2
Fighting       | |  1.5
Dodging        | |  2.4
Stealth        | |  1.2

Action                   || total
-------------------------++-------
Melee: Short sword       ||    34
       Mace              ||    13
 Fire: Shortbow          ||    81
Armor: Leather armour    ||    31
Dodge: Dodged            ||    59

Table legend: (Time is in decaauts)
 A = Elapsed time spent in this place.
 B = Non-inter-level travel time spent in this place.
 C = Inter-level travel time spent in this place.
 D = Time resting spent in this place.
 E = Time spent auto-exploring this place.
 F = Levels seen in this place.
 G = Mean time per level.
                   A        B        C        D        E       F      G
               +--------+--------+--------+--------+--------+-----+--------+
         Total |   2380 |   2294 |     86 |    256 |   1634 |   3 |  793.3 |
       Dungeon |   2380 |   2294 |     86 |    256 |   1634 |   3 |  793.3 |
               +--------+--------+--------+--------+--------+-----+--------+

Top non-repeatable levels by time:
     D:1: 1231 daAuts
     D:2: 1145 daAuts
     D:3: 4 daAuts
